[Event "*** Titled Tuesday Blitz"]
[Site "Chess.com"]
[Date "2020.04.14"]
[Round "1"]
[White "hedgehog280"]
[Black "Rap_woyska"]
[Result "1-0"]
[WhiteElo "2656"]
[BlackElo "2307"]
[TimeControl "180+1"]
[EndTime "10:06:58 PDT"]
[Termination "hedgehog280 won by resignation"]

1. c4 e5 2. Nc3 Bb4 3. Nd5 Bc5 4. e3 Nf6 5. Nc3 Bb4 6. Qb3 Nc6 7. a3 Bxc3 8. Qxc3 O-O 9. b4 d6 10. Bb2 Bf5 11. d3 Re8 12. Nf3 h6 13. Be2 e4 14.
dxe4 Bxe4 15. O-O Ne5 16. Nxe5 Rxe5 17. f3 Bc6 18. e4 Re8 19. g4 Qe7 20. a4 Qe5 21.
Qxe5 dxe5 22. Rfd1 Re7 23. b5 Be8 24. Kf2 Nd7 25.
Ba3 Re6 26. c5 Nf8 27. Bc4 Rf6 28. Bb2 Ng6 29. a5 Kf8 30. Bc3 c6 31. b6 a6 32.
Rd2 Ke7 33. Rad1 Nh4 34. Rd3 Ng6 35. h4 Nxh4 36. Bxe5 Ng6 37. Bxf6+ gxf6 38. Rd6 Ne5 39. Ba2 Bd7 40. f4 Nxg4+ 41. Kg3 Rd8 42. Rxd7+ Rxd7 43. Rxd7+ Kxd7 44. Kxg4 Ke7 45. Kf5 1-0

[Event "*** Titled Tuesday Blitz"]
[Site "Chess.com"]
[Date "2020.04.14"]
[Round "1"]
[White "DenishevM"]
[Black "realmadridtv"]
[Result "0-1"]
[WhiteElo "2624"]
[BlackElo "2550"]
[TimeControl "180+1"]
[EndTime "10:06:58 PDT"]
[Termination "realmadridtv won by resignation"]

1. d4 Nf6 2. c4 e6 3. Nf3 d5 4. Nc3 dxc4 5. e4 b5 6. e5 Nd5 7. Nxb5 Nb6 8. Be2 Nc6 9. O-O Be7 10. Be3 Rb8 11. Nc3 O-O 12. Rc1 Ba6 13. Ne4 Nb4 14. Nc5 Bxc5 15. dxc5 N6d5 16. Bg5 Qe8 17. Bxc4 Bxc4 18.
Rxc4 h6 19. Bd2 Nd3 20. Rg4 f5 21. exf6 Nxf6 22. Rd4 Nxc5 23. Bc3 Nce4 24. Re1 Qc6 25. Ne5 Qb5 26. Nd7 Nxc3 27. bxc3 Rf7 28. Ne5 Rff8 29.
h3 Qb2 30. Ng6 Rfe8 31. Qf3 Qxa2 32. Rf4 Rb1 33. Qe2 Qxe2 0-1

[Event "*** Titled Tuesday Blitz"]
[Site "Chess.com"]
[Date "2020.04.14"]
[Round "1"]
[White "ahappypawn"]
[Black "JustWatch000"]
[Result "1-0"]
[WhiteElo "2313"]
[BlackElo "2620"]
[TimeControl "180+1"]
[EndTime "10:06:58 PDT"]
[Termination "ahappypawn won by resignation"]

1. c4 Nf6 2. Nc3 g6 3. g3 Bg7 4.
Bg2 O-O 5. Nf3 d6 6. O-O c6 7. d4 Qa5 8. e4 e5 9. h3 Nbd7 10. Re1 Re8 11. Be3 exd4 12. Nxd4 Ne5 13. Bf1 Be6 14. Nxe6 Rxe6 15. f4 Ned7 16. Bg2 Rae8 17. a3 Qc7 18. Qc2 Nxe4 19. Nxe4 f5 20. Nxd6 Qxd6 21.
Rad1 Qc7 22. Bf2 Rxe1+ 23. Rxe1 Rxe1+ 24. Bxe1 Qb6+ 25. Bf2 Bd4 26. b4 a5 27. c5 Bxf2+ 28. Kxf2 Qc7 29. Qc4+ Kg7 30. Qc3+ Nf6 31. bxa5 Kf7 32. a6 bxa6 33. Qc4+ Ke7 34. Qxa6 Kd7 35. Qd3+ Ke7 36. Qe2+ Kf8 37. Qe6 Nd7 38. Bxc6 Nxc5 39. Qf6+ Qf7 40. Qxf7+ Kxf7 41. Bd5+ Ke7 42. Bg8 h6 43.
Ke3 Kd6 44. Kd4 g5 45. Bh7 gxf4 46. gxf4 Ne6+ 47. Ke3 Ng7 48. a4 Kc5 49. Bg8 Nh5 50. Be6 Ng7 51. Bd7 Kd6 52. Bb5 Kc5 53. Bd3 Kb4 54.
Kd4 Ne6+ 55. Ke5 Nc5 56. Bxf5 Nxa4 57. Bg4 Kc5 58. f5 Nb6 59. f6 Nc4+ 60. Ke6 Nd6 61. f7 Nxf7 62. Kxf7 Kd6 63. Kg7 Ke7 64. Bf5 h5 65. h4 Ke8 66. Bg6+ Ke7 67. Bxh5 1-0

[Event "*** Titled Tuesday Blitz"]
[Site "Chess.com"]
[Date "2020.04.14"]
[Round "1"]
[White "dsanchez1973"]
[Black "Grandmaster2B"]
[Result "0-1"]
[WhiteElo "2075"]
[BlackElo "2534"]
[TimeControl "180+1"]
[EndTime "10:06:58 PDT"]
[Termination "Grandmaster2B won by resignation"]

1. e4 c5 2. Nf3 d6 3. d4 cxd4 4.
Nxd4 Nf6 5. Nc3 a6 6. Be3 e5 7.
Nb3 Be6 8. Qd2 h5 9. f4 Qc7 10. f5 Bc4 11. O-O-O b5 12. Bg5 Nbd7 13. Bd3 Rb8 14.
Kb1 a5 15. Nc1 b4 16. N3e2 Nb6 17. b3 Bxd3 18. Qxd3 Be7 19. Ng3 a4 20. h4 axb3 21.
cxb3 Ra8 22. Rd2 Nbd7 23. Rc2 Nc5 24. Qb5+ Qd7 25. Qxd7+ Kxd7 26. Re1 Rhc8 27. Bxf6 Bxf6 28. Nxh5 Bxh4 29. g3 Bf6 30. Nxf6+ gxf6 31. Rd2 Rc6 32. Red1 Rac8 33. Nd3 Nxe4 34. Nxe5+ fxe5 35. Rd3 Nc3+ 36. Kb2 Nxd1+ 37. Rxd1 Rc2+ 38. Kb1 Rg2 0-1

[Event "*** Titled Tuesday Blitz"]
[Site "Chess.com"]
[Date "2020.04.14"]
[Round "1"]
[White "Triumphmate"]
[Black "ClockworkKubrick"]
[Result "1-0"]
[WhiteElo "2596"]
[BlackElo "2218"]
[TimeControl "180+1"]
[EndTime "10:07:00 PDT"]
[Termination "Triumphmate won by resignation"]

1. e4 d6 2. Nf3 Nf6 3. Nc3 g6 4. d4 Bg7 5. Bd3 O-O 6. Be3 c6 7. Qd2 Nbd7 8. O-O-O e5 9. dxe5 dxe5 10. h4 h5 11. Bh6 Qa5 12. Bxg7 Kxg7 13. Kb1 b5 14.
Ng5 Rb8 15. f3 b4 16. Ne2 Nb6 17. g4 Na4 18. Ka1 Ba6 19. gxh5 Nxh5 20. Bxa6 Qxa6 21.
Qd7 Nc5 22. Qe7 Rb5 23. Qxe5+ Kg8 24. Nxf7 Ra5 25. Nh6+ Kh7 26. Qe7+ Ng7 27. Nc1 b3 28. cxb3 Nxb3+ 29. Nxb3 Rxa2+ 30. Kb1 Re8 31. Qf7 Kxh6 32. Rd7 Rg8 33. Qxg8 Qd3+ 34. Rxd3 1-0

[Event "*** Titled Tuesday Blitz"]
[Site "Chess.com"]
[Date "2020.04.14"]
[Round "1"]
[White "english_player_89"]
[Black "HarryCun"]
[Result "1-0"]
[WhiteElo "2550"]
[BlackElo "2122"]
[TimeControl "180+1"]
[EndTime "10:07:00 PDT"]
[Termination "english_player_89 won by checkmate"]

1. e4 c6 2. d4 d5 3. Nc3 dxe4 4. Nxe4 Bf5 5. Ng3 Bg6 6. Nh3 e6 7. Nf4 Bd6 8. h4 Bxf4 9. Bxf4 h6 10. h5 Bh7 11. c3 Nf6 12. Qb3 Qb6 13. Be2 Nd5 14. Bd6 Kd7 15. Bxb8 Raxb8 16. Qa3 Nf4 17. O-O Nxe2+ 18. Nxe2 Bd3 19. Rfe1 Bxe2 20. Rxe2 Qb5 21. Re5 Qa6 22. Qb3 Kc7 23. Rae1 Rbd8 24. a4 Qb6 25. Qa3 Rd7 26. b4 Re8 27. b5 Rd5 28. Rxd5 cxd5 29. Rb1 Qd6 30. Qb3 b6 31. c4 dxc4 32.
Qxc4+ Kb7 33. a5 Rc8 34. a6+ Kb8 35. Qd3 Qd5 36. Qg3+ Ka8 37. Qxg7 Qg5 38. Qxf7 Rg8 39. Qb7# 1-0

[Event "*** Titled Tuesday Blitz"]
[Site "Chess.com"]
[Date "2020.04.14"]
[Round "1"]
[White "Sanyura"]
[Black "temus_galaktionov"]
[Result "0-1"]
[WhiteElo "2396"]
[BlackElo "2755"]
[TimeControl "180+1"]
[EndTime "10:07:01 PDT"]
[Termination "temus_galaktionov won by resignation"]

1. e4 c6 2. d4 g6 3. c3 Bg7 4.
Nf3 d6 5. Bd3 Nd7 6. O-O e5 7.
Na3 Ngf6 8. Nc4 Qe7 9. b3 O-O 10. Ba3 c5 11. Qe2 b5 12. Na5 a6 13. Nc6 Qe8 14.
Bb2 exd4 15. cxd4 Bb7 16. d5 Nb6 17. Na5 Qe7 18. Nxb7 Qxb7 19. Rfe1 Rfe8 20. Qd2 Rac8 21. Qf4 Nh5 22. Qd2 c4 23. Bxg7 Nxg7 24. bxc4 Nxc4 25.
Bxc4 Rxc4 26. e5 dxe5 27. Nxe5 Rc5 28. Qh6 Rxd5 29. Ng4 Rxe1+ 30. Rxe1 Qe7 31. Nf6+ Qxf6 0-1

[Event "*** Titled Tuesday Blitz"]
[Site "Chess.com"]
[Date "2020.04.14"]
[Round "1"]
[White "KazakhFighter04"]
[Black "Vusatiuk_Vladimir"]
[Result "1-0"]
[WhiteElo "2720"]
[BlackElo "2375"]
[TimeControl "180+1"]
[EndTime "10:07:01 PDT"]
[Termination "KazakhFighter04 won by resignation"]

1. d4 d5 2. c4 e6 3. Nc3 Be7 4. Bf4 Nf6 5. e3 O-O 6. Nf3 c5 7. dxc5 Qa5 8. Qa4 Qxc5 9. Be2 dxc4 10. Qxc4 Bd7 11. Ne5 Nc6 12. Nxd7 Nxd7 13. O-O Qxc4 14. Bxc4 Bf6 15. Rac1 Rfd8 16. Be2 Nc5 17. Rfd1 Nb4 18.
Bd6 Nbd3 19. Bxd3 Rxd6 20. Bxh7+ Kxh7 21. Rxd6 Bxc3 22. bxc3 Rc8 23. f3 Kg6 24. e4 Kf6 25. Kf2 Ke5 26. Rd2 Rc7 27. Ke3 Kf6 28. h4 b6 29. f4 Na4 30. c4 b5 31. c5 b4 32.
Rc4 a5 33. a3 Rxc5 34. Rxc5 Nxc5 35. axb4 axb4 36. Rd4 b3 37. Rb4 Ke7 38. g4 Kd6 39. g5 g6 40. Kd4 Kc6 41. Rc4 b2 42. Rb4 e5+ 43. fxe5 Ne6+ 44. Ke3 Nc5 45. Rxb2 Kd7 46.
Rb5 Ne6 47. Rb7+ Ke8 48. Ra7 Kf8 49. Ra6 Ke7 50. Rxe6+ Kxe6 51. Kd4 Ke7 52. Kd5 Kd7 53. e6+ fxe6+ 54. Kc5 Kc8 55. Kd6 Kb7 56. Kxe6 Kc6 57. Kf6 Kd7 58. Kxg6 Ke8 59. h5 Kf8 60. h6 Kg8 61. e5 Kh8 62. e6 Kg8 63. e7 1-0

[Event "*** Titled Tuesday Blitz"]
[Site "Chess.com"]
[Date "2020.04.14"]
[Round "1"]
[White "Sashadav97"]
[Black "LordIron"]
[Result "1-0"]
[WhiteElo "2593"]
[BlackElo "2217"]
[TimeControl "180+1"]
[EndTime "10:07:01 PDT"]
[Termination "Sashadav97 won by resignation"]

1. d4 d5 2. c4 c6 3. Nf3 Nf6 4. Nc3 g6 5. Bg5 Bg7 6. e3 O-O 7. Be2 dxc4 8. Bxc4 Nbd7 9. O-O Qe8 10. Ne5 Nd5 11. f4 Nxe3 12. Qb3 Nxf1 13. Rxf1 b5 14.
Be2 Nxe5 15. dxe5 Be6 16. Qd1 f6 17. exf6 exf6 18. Bh4 Rd8 19. Qc1 Bf5 20. Bf3 b4 21. Na4 c5 22. Nxc5 Rf7 23. Bf2 Qb5 24.
Rd1 Rxd1+ 25. Qxd1 Bf8 26. Bd5 Bxc5 27. Bxf7+ Kg7 28.
Bb3 Bxf2+ 29. Kxf2 Qc5+ 30. Kg3 Qe3+ 31. Qf3 Qe1+ 32. Qf2 Qxf2+ 33. Kxf2 g5 34. Ke3 gxf4+ 35. Kxf4 Bd3 36. Ke3 Bg6 37. Kd4 f5 38. Kc5 a5 39.
g3 Kf6 1-0

[Event "*** Titled Tuesday Blitz"]
[Site "Chess.com"]
[Date "2020.04.14"]
[Round "1"]
[White "Fh2411"]
[Black "AlessiaSanteramo"]
[Result "1-0"]
[WhiteElo "2534"]
[BlackElo "2054"]
[TimeControl "180+1"]
[EndTime "10:07:01 PDT"]
[Termination "Fh2411 won on time"]

1. d4 Nf6 2. Nf3 e6 3. c4 d5 4. Nc3 dxc4 5. e3 a6 6. a4 Nbd7 7. Bxc4 c5 8. O-O Be7 9. Qe2 O-O 10. Rd1 Qc7 11. h3 cxd4 12. exd4 Nb6 13. Bb3 Rd8 14. Bg5 Nfd5 15. a5 Nxc3 16. bxc3 Nd5 17.
Bxd5 Rxd5 18. Bxe7 Qxe7 19. c4 Rf5 20. d5 e5 21. Qe3 h6 22. c5 e4 23. Nh2 Rg5 24.
Kh1 Qf6 25. Rac1 Bf5 26. Nf1 Rd8 27. Ng3 Bg6 28. d6 Qe5 29. Rd4 f5 30. Ne2 Rf8 31.
Nf4 Be8 32. d7 Bxd7 33. Rxd7 Qf6 34. Rb1 Kh7 35. Rbxb7 1-0

[Event "*** Titled Tuesday Blitz"]
[Site "Chess.com"]
[Date "2020.04.14"]
[Round "1"]
[White "malandragem"]
[Black "Quiet_Desperation"]
[Result "0-1"]
[WhiteElo "2504"]
[BlackElo "1916"]
[TimeControl "180+1"]
[EndTime "10:07:01 PDT"]
[Termination "Quiet_Desperation won by resignation"]

1. e4 e6 2. d4 d5 3. Nc3 Nf6 4.
e5 Nfd7 5. Nce2 c5 6. c3 Nc6 7.
Nf3 Qb6 8. a3 cxd4 9. cxd4 a5 10. Nf4 Be7 11. h4 Nd8 12. Bd3 f6 13. exf6 Nxf6 14.
Qe2 O-O 15. Ng5 Bd7 16. Nh5 g6 17. Nxf6+ Bxf6 18. h5 Bxd4 19. Nf3 g5 20. Nxd4 Qxd4 21. Bxg5 Nf7 22. Rh4 Qe5 23. Be3 Qd6 24. Rg4+ Kh8 25. Bxh7 e5 26. Rg6 Qe7 27. f4 Kxh7 28. O-O-O Bf5 29.
fxe5 Rac8+ 30. Kd2 Rc2+ 31. Ke1 Rxe2+ 32. Kxe2 Bxg6 33.
hxg6+ Kxg6 34. Rh1 Rh8 35. Rf1 Qxe5 0-1

[Event "*** Titled Tuesday Blitz"]
[Site "Chess.com"]
[Date "2020.04.14"]
[Round "1"]
[White "Vamostodorecto"]
[Black "LiemLe"]
[Result "0-1"]
[WhiteElo "2502"]
[BlackElo "3006"]
[TimeControl "180+1"]
[EndTime "10:07:04 PDT"]
[Termination "LiemLe won on time"]

1. d4 Nf6 2. c4 e6 3. Nc3 Bb4 4. Nf3 b6 5. e3 Bb7 6. Bd3 O-O 7.
O-O c5 8. Qc2 cxd4 9. Nxd4 Nc6 10.
a3 Be7 11. b4 Rc8 12. Bb2 Ne5 13. Nce2 Nxc4 14. Bc3 d5 15. Ng3 Qc7 16. Rfc1 Qb8 17.
Qe2 Rfd8 18. h3 Ne5 19. Bb1 Ne4 20. Nxe4 dxe4 21. Ra2 Nd3 22. Bxd3 exd3 23. Qg4 Bf6 24. Rd2 g6 25. Rxd3 e5 26. Rcd1 exd4 27. Bxd4 Bxd4 28. Rxd4 Rxd4 29. Rxd4 Rc1+ 30. Rd1 h5 31. Qe2 Qc7 32. Qd2 Rxd1+ 33. Qxd1 Qc6 34. f3 Qc3 35. Qd8+ Kg7 36.
Qg5 Bc8 0-1

[Event "*** Titled Tuesday Blitz"]
[Site "Chess.com"]
[Date "2020.04.14"]
[Round "1"]
[White "Igor_Lysyj"]
[Black "WastefulJustice"]
[Result "1-0"]
[WhiteElo "2828"]
[BlackElo "2436"]
[TimeControl "180+1"]
[EndTime "10:07:04 PDT"]
[Termination "Igor_Lysyj won by checkmate"]

1. d4 Nf6 2. c4 g6 3. Nc3 Bg7 4.
e4 d6 5. Nf3 O-O 6. Be2 Bg4 7.
Be3 Nfd7 8. Qd2 e5 9. d5 a5 10. O-O-O Na6 11. h4 Nf6 12. Ng5 Nc5 13. f3 Bd7 14. g4 h5 15. Rdg1 Qc8 16. Qd1 c6 17. Kb1 cxd5 18. Nxd5 Nxd5 19. cxd5 hxg4 20. h5 f6 21. Ne6 Bxe6 22. dxe6 Nxe6 23. Qd5 g5 24. h6 Bh8 25. fxg4 Kf7 26. Rc1 Qd7 27. Bb6 Rfc8 28. Bb5 Qe7 29. a4 Kg6 30. Rxc8 Rxc8 31. Bxa5 Nd4 32.
Bc4 Rc5 33. Qg8+ Bg7 34. hxg7 Rxa5 35. Qh7# 1-0

[Event "*** Titled Tuesday Blitz"]
[Site "Chess.com"]
[Date "2020.04.14"]
[Round "1"]
[White "ApacheSVD"]
[Black "Bulldog167"]
[Result "0-1"]
[WhiteElo "2385"]
[BlackElo "2742"]
[TimeControl "180+1"]
[EndTime "10:07:04 PDT"]
[Termination "Bulldog167 won by resignation"]

1. e4 e6 2. d4 d5 3. Nd2 c5 4. exd5 Qxd5 5. Ngf3 cxd4 6. Bc4 Qd7 7. O-O Nc6 8. Nb3 a6 9. a4 Nf6 10. Nbxd4 Nxd4 11.
Qxd4 Qxd4 12. Nxd4 Bc5 13. Nf3 b6 14. c3 Bb7 15.
Ne5 O-O 16. Bg5 Rad8 17. Rad1 Bxf2+ 18. Kxf2 Ne4+ 19. Kg1 Nxg5 20. Rxd8 Rxd8 21. h4 Rd2 22. hxg5 Rxg2+ 23. Kh1 Rxb2+ 24. Nf3 Rc2 25. Kg1 Rxc3 26.
Be2 Rc5 27. Rb1 Bxf3 28. Rxb6 g6 29. Bxf3 Rxg5+ 30. Kf2 Ra5 31. Bd1 h5 32. Ke3 Kg7 33.
Kd3 h4 34. Ke3 h3 35. Kf2 Rg5 36. Be2 h2 37. Bf3 Rf5 38. Kg2 Rxf3 39. Kh1 Rf2 40.
Rxa6 g5 41. Ra5 Kg6 0-1

[Event "*** Titled Tuesday Blitz"]
[Site "Chess.com"]
[Date "2020.04.14"]
[Round "1"]
[White "imdvb6307"]
[Black "AvitalBor"]
[Result "0-1"]
[WhiteElo "2384"]
[BlackElo "2736"]
[TimeControl "180+1"]
[EndTime "10:07:04 PDT"]
[Termination "AvitalBor won on time"]

1. c4 b6 2. Nc3 Bb7 3. e4 e6 4. d4 Bb4 5. f3 f5 6. exf5 Nh6 7. Bd3 Nxf5 8. Bxf5 exf5 9. Qe2+ Kf7 10. Qd3 Re8+ 11. Ne2 Qh4+ 12. g3 Bxc3+ 13. bxc3 Qf6 14.
O-O Nc6 15. Nf4 Na5 16. Nd5 Bxd5 17. cxd5 Kg8 18. Bf4 c6 19. dxc6 dxc6 20. Be5 Qf7 21.
a4 Rad8 22. Qc2 h6 23. Rae1 Nc4 24. h4 Nxe5 25. Rxe5 Rxe5 26. dxe5 f4 27. gxf4 Qxf4 28.
Qh2 Qe3+ 29. Kh1 Rd5 30. Qg3 Qxe5 31. Qxe5 Rxe5 32. Rd1 Re3 33. c4 Rxf3 34. Rd8+ Kh7 35. Rd7 Rf4 36. h5 Rxc4 37. Rxa7 Rh4+ 38. Kg2 Rxh5 39.
Ra6 Ra5 40. Rxb6 Rxa4 41. Rxc6 h5 42. Kg3 g6 43. Kh3 Kh6 44. Rc5 Ra3+ 45. Kg2 h4 46. Kh2 g5 0-1

[Event "*** Titled Tuesday Blitz"]
[Site "Chess.com"]
[Date "2020.04.14"]
[Round "1"]
[White "Chess_Boxer123"]
[Black "Azerichess"]
[Result "0-1"]
[WhiteElo "2501"]
[BlackElo "3002"]
[TimeControl "180+1"]
[EndTime "10:07:05 PDT"]
[Termination "Azerichess won by resignation"]

1. Nf3 Nf6 2. b3 d5 3. Bb2 b6 4. g3 Bb7 5. Bg2 c5 6. O-O Nc6 7. d3 g6 8. e4 d4 9. a4 Bg7 10. h3 O-O 11. Nbd2 e5 12. Nc4 Qc7 13. Nfd2 a6 14. Na3 Rae8 15. Bc1 Kh8 16. Ndc4 h6 17.
Bd2 Kh7 18. Kh2 Bc8 19. f4 exf4 20. Bxf4 Qd8 21. e5 Nd5 22. Nd6 Be6 23. Nxe8 Rxe8 24.
Nc4 Re7 25. Nd6 Nxe5 26. Nc4 Nxc4 27. bxc4 Ne3 28. Qd2 Nxf1+ 29. Rxf1 Bd7 30. h4 Qe8 31. Rf2 Bxa4 32. h5 Bc6 33. hxg6+ fxg6 34. Bd5 Qd7 35. Bg2 Bxg2 36. Rxg2 a5 37. Re2 a4 38. Qe1 Rxe2+ 39. Qxe2 a3 40. Qd1 b5 41. cxb5 Qxb5 42.
Qe2 Qb7 43. Qg2 Qxg2+ 44. Kxg2 a2 0-1

[Event "*** Titled Tuesday Blitz"]
[Site "Chess.com"]
[Date "2020.04.14"]
[Round "1"]
[White "PowerThinking2650"]
[Black "Tashik"]
[Result "0-1"]
[WhiteElo "2182"]
[BlackElo "2570"]
[TimeControl "180+1"]
[EndTime "10:07:05 PDT"]
[Termination "Tashik won on time"]

1. e4 e5 2. Nf3 Nc6 3. Nc3 Nf6 4.
d4 exd4 5. Nxd4 Bb4 6. Nxc6 bxc6 7. Bd3 O-O 8. O-O Re8 9. Bg5 h6 10. Bh4 d5 11. exd5 g5 12. Bg3 cxd5 13. Nb5 Ba5 14.
h4 Bg4 15. Qc1 Nh5 16. Bh2 a6 17. Nd4 Qf6 18. c3 c5 19. Nb3 Bb6 20. c4 Nf4 21. Bxf4 gxf4 22. g3 Be6 23. Nd2 Qd4 24. Qc2 fxg3 25.
Nf3 Qg4 26. fxg3 dxc4 27. Be4 Rad8 28. Kh2 f5 0-1

[Event "*** Titled Tuesday Blitz"]
[Site "Chess.com"]
[Date "2020.04.14"]
[Round "1"]
[White "nonscitis"]
[Black "LimeInTheCoconut"]
[Result "1-0"]
[WhiteElo "2687"]
[BlackElo "2338"]
[TimeControl "180+1"]
[EndTime "10:07:07 PDT"]
[Termination "nonscitis won by resignation"]

1. d4 Nf6 2. Nf3 e6 3. c4 b6 4.
g3 Bb7 5. Bg2 Be7 6. O-O O-O 7.
d5 exd5 8. Nh4 c6 9. cxd5 Nxd5 10. Nf5 Nc7 11. e4 d5 12. Nc3 Bf6 13. exd5 cxd5 14. Qg4 g6 15. Rd1 Nba6 16. Bf4 Kh8 17. Nd6 Bc6 18. Nxd5 Nxd5 19. Bxd5 Bxd5 20. Rxd5 Qe7 21.
Rad1 Nc7 22. R5d2 Ne6 23. Be3 Rad8 24. Qa4 Be5 25. Nb5 Rxd2 26. Rxd2 Bg7 27. Qxa7 Qxa7 28. Nxa7 Kg8 29. Bxb6 Ng5 30. Kg2 Ne4 31. Re2 Nd6 32.
Bc5 Rd8 33. Nc6 1-0

[Event "*** Titled Tuesday Blitz"]
[Site "Chess.com"]
[Date "2020.04.14"]
[Round "1"]
[White "Khamrakulov_Djurabek"]
[Black "Olga_Girya"]
[Result "1-0"]
[WhiteElo "2905"]
[BlackElo "2482"]
[TimeControl "180+1"]
[EndTime "10:07:08 PDT"]
[Termination "Khamrakulov_Djurabek won by resignation"]

1. e4 c6 2. Nc3 d5 3. Nf3 dxe4 4. Nxe4 Nf6 5. Qe2 Nxe4 6. Qxe4 Nd7 7. Bc4 Nf6 8. Ne5 e6 9. Qe3 b5 10. Nxc6 Qc7 11.
Bxb5 Bd7 12. Nd4 Bc5 13. a4 Qb6 14. Bxd7+ Nxd7 15. Qf3 O-O 16. Nb3 Ne5 17. Qe2 Ng6 18.
O-O Rac8 19. Nxc5 Qxc5 20. c3 e5 21. b4 Qd5 22. Re1 Rfd8 23. h3 Nf4 24. Qe4 Nd3 25. Qxd5 Rxd5 26. Re2 f6 27. g3 Rcd8 28. Ba3 a6 29. Rb1 Rb8 30. Kf1 Kf7 31. Re3 f5 32.
Ke2 Nc5 33. c4 Rd4 34. Bb2 Rxc4 35. bxc5 Rcb4 36. Bxe5 Rxb1 37. Bxb8 Rxb8 38. d4 Rb4 39. d5 Rxa4 40. c6 Rc4 41. Kd3 Rc1 42. Kd4 a5 43.
Ke5 a4 44. Kd6 Ra1 45. c7 a3 46. c8=Q 1-0

[Event "*** Titled Tuesday Blitz"]
[Site "Chess.com"]
[Date "2020.04.14"]
[Round "1"]
[White "FCChelsea14"]
[Black "JacekDubiel"]
[Result "1-0"]
[WhiteElo "2818"]
[BlackElo "2431"]
[TimeControl "180+1"]
[EndTime "10:07:08 PDT"]
[Termination "FCChelsea14 won on time"]

1. d4 Nf6 2. c4 e6 3. Nf3 d5 4. g3 dxc4 5. Bg2 c6 6. O-O b5 7. Bg5 Bb7 8. Nbd2 Be7 9. b3 cxb3 10. Nxb3 Nbd7 11. Qc2 Rc8 12. Nc5 Bxc5 13. dxc5 Qe7 14.
Rac1 h6 15. Bxf6 Nxf6 16. Ne5 O-O 17. Rfd1 Rfd8 18. Rxd8+ Qxd8 19. Rd1 Qc7 20. Rd6 Ne8 21. Rd7 Qxe5 22. Rxb7 Qa1+ 23. Bf1 Rd8 24. Kg2 g6 25. e3 Rd1 26. Be2 Rg1+ 27. Kh3 Qe5 28. Qd3 Nf6 29. Qd8+ Kg7 30. Rb8 Qf5+ 31. g4 1-0

[Event "*** Titled Tuesday Blitz"]
[Site "Chess.com"]
[Date "2020.04.14"]
[Round "1"]
[White "MrChessSponge"]
[Black "BlueWizzard"]
[Result "0-1"]
[WhiteElo "2397"]
[BlackElo "2755"]
[TimeControl "180+1"]
[EndTime "10:07:09 PDT"]
[Termination "BlueWizzard won by resignation"]

1. Nf3 c6 2. c4 g6 3. e3 Bg7 4. Nc3 f5 5. d4 Nf6 6. Be2 O-O 7. O-O d6 8. Rb1 Qe8 9. b4 e5 10. dxe5 dxe5 11. b5 e4 12. Ng5 Qe7 13. Qb3 h6 14.
Ba3 c5 15. Nh3 g5 16. Nd5 Nxd5 17. cxd5 Qd6 18. Bb2 Nd7 19. Bxg7 Kxg7 20. Rbc1 Nf6 21. Rfd1 f4 22. Qc3 Bxh3 23. gxh3 f3 24. Bf1 Rac8 25.
b6 axb6 26. Rb1 Kf7 27. Qb3 Nd7 28. Bb5 Ne5 29. Bf1 c4 30. Qxb6 Qxb6 31. Rxb6 c3 32. Rxb7+ Kf6 33. Rb6+ Kf5 34. Rc1 c2 35. d6 Nd3 36.
Rb5+ Ke6 37. Bxd3 exd3 38. d7 d2 39. dxc8=Q+ Rxc8 0-1

[Event "*** Titled Tuesday Blitz"]
[Site "Chess.com"]
[Date "2020.04.14"]
[Round "1"]
[White "PenguinPacks"]
[Black "anon132639"]
[Result "0-1"]
[WhiteElo "2353"]
[BlackElo "2705"]
[TimeControl "180+1"]
[EndTime "10:07:09 PDT"]
[Termination "anon132639 won on time"]

1. Nf3 Nf6 2. b3 g6 3. Bb2 Bg7 4. g3 O-O 5. Bg2 d6 6. O-O c5 7.
d4 cxd4 8. Nxd4 d5 9. e3 e5 10.
Nf3 e4 11. Nd4 Bg4 12. Qd2 Qd7 13. c4 dxc4 14. bxc4 Bh3 15. Nc3 Nc6 16. Bxh3 Qxh3 17. Nxc6 bxc6 18. f3 exf3 19. Rxf3 Rad8 20. Qc2 Ng4 21.
Raf1 Ne5 22. Rf4 Nd3 23. Rh4 Qe6 24. Re4 Qd6 25. Rd1 Qb4 26. Rxd3 Rxd3 27. Qxd3 Qxb2 28. Ne2 Qxa2 29. Re7 a5 30. Nf4 a4 31. Qd7 a3 32.
Ne6 Qb1+ 33. Kg2 Qb2+ 34. Kh3 fxe6 35. Qxe6+ Kh8 36. Re8 a2 37. Qf7 Qb4 38. Rxf8+ Qxf8 39. Qa7 a1=Q 0-1

[Event "*** Titled Tuesday Blitz"]
[Site "Chess.com"]
[Date "2020.04.14"]
[Round "1"]
[White "flavicol64"]
[Black "hitaman"]
[Result "0-1"]
[WhiteElo "2296"]
[BlackElo "2644"]
[TimeControl "180+1"]
[EndTime "10:07:09 PDT"]
[Termination "hitaman won on time"]

1. d4 d5 2. Nf3 c6 3. Bf4 Bf5 4. e3 e6 5. Bd3 Bg6 6. O-O Nf6 7. c4 Nbd7 8. Nc3 Be7 9. Rc1 Ne4 10.
a3 O-O 11. h3 a6 12. c5 f5 13.
b4 Bh5 14. Be2 g5 15. Bh2 Bf6 16. Ne5 Nxc3 17. Rxc3 Bxe2 18. Qxe2 Bxe5 19. dxe5 Qe8 20. Kh1 Qg6 21. a4 Kh8 22. Qb2 f4 23. exf4 gxf4 24.
f3 Rf5 25. b5 axb5 26. axb5 Rg8 27. bxc6 bxc6 28. Re1 Qg7 29. Bg1 Rg5 30. Re2 Qg6 31.
Bd4 Qf5 32. Qb7 Rxg2 33. Rxg2 Qxh3+ 0-1

[Event "*** Titled Tuesday Blitz"]
[Site "Chess.com"]
[Date "2020.04.14"]
[Round "1"]
[White "CMS13"]
[Black "Alliswell998"]
[Result "0-1"]
[WhiteElo "2123"]
[BlackElo "2547"]
[TimeControl "180+1"]
[EndTime "10:07:09 PDT"]
[Termination "Alliswell998 won by checkmate"]

1. e4 c5 2. Nc3 a6 3. f4 b5 4. Nf3 Bb7 5. d4 cxd4 6. Qxd4 Nc6 7. Qf2 g6 8. Bd3 Bg7 9. O-O Nf6 10. h3 d6 11. Be3 O-O 12. Qh4 e6 13. f5 exf5 14.
Bg5 fxe4 15. Nxe4 Qb6+ 16. Kh1 Nxe4 17. Bxe4 Ne5 18. Nxe5 Bxe5 19. Bxb7 Qxb7 20. c3 Rfe8 21. Rae1 Bg7 22. Rd1 Re6 23. Rd3 Rae8 24. Rdf3 Re2 25. Qf4 f5 26. Qxd6 h6 27. Bc1 Kh7 28. Rg3 Qf7 29.
Qxa6 h5 30. Qxb5 h4 31. Rgf3 R8e4 32. Rf4 Qe6 33. Rxe4 Qxe4 34. Rf3 Re1+ 35. Rf1 Re2 36. Rf3 Qc2 37. Be3 Rxg2 38. Bg1 Rg5 39. Qf1 Be5 40. Rf2 Qe4+ 41. Rg2 Rg3 42. Qf2 Rxh3+ 43.
Bh2 Rxh2+ 44. Kg1 Qb1+ 45. Qf1 Rh1+ 46. Kxh1 Qxf1+ 47. Rg1 Qh3# 0-1

[Event "*** Titled Tuesday Blitz"]
[Site "Chess.com"]
[Date "2020.04.14"]
[Round "1"]
[White "SahaNeelash"]
[Black "PauloCesarCosta_sad"]
[Result "1-0"]
[WhiteElo "2545"]
[BlackElo "2111"]
[TimeControl "180+1"]
[EndTime "10:07:09 PDT"]
[Termination "SahaNeelash won on time"]

1. d4 d5 2. Bf4 e6 3. Nf3 Bd6 4. Bg3 Nf6 5. e3 O-O 6. Nbd2 c5 7. c3 Qc7 8. Bd3 Nbd7 9. e4 dxe4 10. Nxe4 Nxe4 11.
Bxe4 Nf6 12. Bc2 b6 13. dxc5 Bxg3 14. hxg3 Qxc5 15. Qe2 Bb7 16. O-O-O Bxf3 17. gxf3 Rad8 18. f4 Rxd1+ 19. Rxd1 Qc7 20. Rh1 Rd8 21. Bxh7+ Nxh7 22. Qh5 Kf8 23. Qxh7 g6 24. Qh6+ Ke7 25. Qg5+ Kd7 26. Rd1+ Kc8 27. Rxd8+ Qxd8 28. Qxd8+ Kxd8 29. Kd2 Kd7 30. Kd3 Kd6 31. Kd4 f6 32. b3 a6 33. a3 Kc6 34. c4 Kd6 35. b4 Kc6 36. g4 Kd6 37.
a4 Kc6 38. b5+ axb5 39. cxb5+ Kd6 40. Kc4 e5 41. fxe5+ fxe5 42. Kb4 e4 43. a5 bxa5+ 44. Kxa5 Ke5 45. b6 Kf4 46. b7 Kf3 47. b8=Q Kxf2 48. Qf4+ Ke2 49. Qxe4+ 1-0

[Event "*** Titled Tuesday Blitz"]
[Site "Chess.com"]
[Date "2020.04.14"]
[Round "1"]
[White "rpragchess"]
[Black "renehp"]
[Result "1-0"]
[WhiteElo "2780"]
[BlackElo "2409"]
[TimeControl "180+1"]
[EndTime "10:07:10 PDT"]
[Termination "rpragchess won by resignation"]

1. e4 c5 2. Nf3 d6 3. d4 cxd4 4.
Nxd4 Nf6 5. Nc3 a6 6. g3 e5 7. Nde2 Be6 8. Bg2 Nbd7 9. a4 Rc8 10. O-O Be7 11. h3 Nc5 12. Be3 O-O 13. a5 g6 14.
f4 Nfd7 15. f5 Bc4 16. Nd5 Bxd5 17. exd5 Bg5 18. Bf2 b5 19. axb6 Nxb6 20. b4 Nca4 21. h4 Bf6 22. fxg6 fxg6 23. Bh3 Rc4 24. Be6+ Kg7 25. c3 Nxc3 26. Nxc3 Rxc3 27. Rxa6 Nc4 28.
Ra7+ Kh8 29. h5 gxh5 30. Qxh5 Bg7 31. Bf5 Rxf5 32. Qxf5 Nd2 33. Rfa1 Rf3 34. Ra8 Rxf5 35. Rxd8+ Bf8 36. Be3 Nf3+ 37. Kg2 Kg7 38. Ra7+ Kg6 39. b5 e4 40. b6 Rxd5 41. b7 Rc5 42. Bxc5 dxc5 43. b8=Q Bd6 44. Qxd6+ Kf5 45. Rf7+ 1-0